Map: Honorgrounds LE

Players

Railgan

  • Race: Terran Terran
  • League: Grandmaster
  • Spawn Location: 5:00

llllllllllll - Winner!

  • Race: Terran Terran
  • League: Master
  • Spawn Location: 1:00

VOD

Have the link to the VOD?

Description

Time

  • Played on: March 4, 2017, 12:32 p.m.
  • Length: 18:52
Show
View Real Time Build Order
Export as new Build Order

Railgan Terran 

Build Orders: Command Center First (CC), Mech 

Get SALT Encoding   

  12  0:08  SCV  
  13  0:20  SCV  
  13  0:21  Supply Depot  
  14  0:32  SCV  
  15  0:44  SCV  
  16  0:56  SCV  
  17  1:05  Command Center  
  17  1:08  SCV  
  18  1:17  Barracks  
  18  1:21  SCV  
  19  1:28  Refinery  
  19  1:34  Refinery  
  19  1:35  SCV  
  20  1:47  SCV  
  21  2:02  SCV  
  22  2:12  Reaper  
  22  2:14  Orbital Command  
  23  2:20  Bunker  
  23  2:21  Orbital Command  
  23  2:33  Factory  
  23  2:40  SCV  
  23  2:44  Reaper  
  23  2:50  SCV  
  25  2:52  SCV  
  26  3:02  Factory, SCV  
  26  3:04  SCV  
  28  3:14  SCV  
  28  3:16  SCV  
  28  3:17  Factory Tech Lab  
  30  3:20  Cyclone, Supply Depot  
  30  3:26  SCV  
  34  3:29  Marine  
  35  3:39  SCV  
  35  3:40  Supply Depot  
  36  3:41  Supply Depot  
  36  3:42  Supply Depot, SCV  
  36  3:50  Starport  
  36  3:51  SCV  
  36  3:54  SCV  
  36  3:56  Cyclone  
  36  3:57  Supply Depot  
  36  3:59  Hellion  
  34  4:18  SCV x2  
  34  4:26  Viking  
  34  4:29  Cyclone  
  34  4:30  SCV x2  
  41  4:42  SCV x2  
  41  4:44  Engineering Bay  
  43  4:47  Cyclone  
  46  4:54  SCV x2  
  45  5:03  Factory Tech Lab  
  45  5:06  SCV x2  
  47  5:18  SCV x2  
  49  5:22  Starport Reactor  
  49  5:25  Factory Reactor  
  49  5:28  Refinery  
  49  5:29  Refinery  
  45  5:37  SCV x2  
  45  5:40  Command Center  
  46  5:43  Siege Tank  
  46  5:49  SCV  
  50  5:50  Missile Turret  
  50  5:51  SCV  
  51  6:01  SCV  
  51  6:03  SCV  
  53  6:13  SCV  
  53  6:16  SCV  
  53  6:23  Supply Depot  
  53  6:24  Supply Depot  
  53  6:25  Supply Depot  
  53  6:26  SCV  
  53  6:29  Armory  
  53  6:31  Factory  
  54  6:41  Liberator  
  54  6:42  Missile Turret  
  54  6:44  Missile Turret  
  54  6:45  Missile Turret, Siege Tank, SCV x2  
  54  6:46  Liberator  
  59  6:50  Hellion x2  
  59  6:53  Orbital Command  
  63  6:57  SCV x2  
  71  7:09  SCV x2  
  73  7:16  Sensor Tower  
  73  7:21  SCV x2  
  75  7:23  SCV  
  75  7:29  Siege Tank  
  79  7:33  SCV x2  
  79  7:36  SCV  
  69  7:51  SCV  
  61  7:57  Hellion x2  
  56  8:00  Factory Tech Lab  
  56  8:01  Siege Tank  
  56  8:05  SCV x2  
  54  8:12  SCV  
  52  8:16  Viking x2  
  52  8:18  Terran Vehicle Weapons Level 1  
  52  8:19  SCV  
  57  8:27  Siege Tank  
  60  8:31  SCV x2  
  60  8:32  SCV  
  60  8:33  Siege Tank  
  64  8:35  Hellion x2  
  64  8:38  Liberator  
  68  8:51  Refinery x2, SCV x2  
  73  9:03  Liberator  
  73  9:08  SCV  
  73  9:09  SCV  
  74  9:13  SCV  
  75  9:20  SCV  
  75  9:21  SCV  
  80  9:25  Armory, SCV  
  80  9:29  Supply Depot  
  80  9:30  Supply Depot  
  81  9:31  Supply Depot  
  81  9:33  SCV x2  
  81  9:37  SCV  
  84  9:45  Siege Tank, SCV x2  
  86  9:46  Hellion x2  
  86  9:50  Siege Tank  
  86  9:51  SCV  
  93  9:59  SCV  
  73  10:00  SCV  
  70  10:08  SCV  
  70  10:11  SCV  
  69  10:16  Hellion x2  
  69  10:17  Siege Tank  
  76  10:22  Siege Tank  
  76  10:24  SCV x2  
  76  10:26  Terran Vehicle Weapons Level 2  
  81  10:31  SCV  
  82  10:36  SCV x2  
  80  10:43  SCV  
  80  10:48  SCV  
  80  10:49  Siege Tank  
  74  10:52  SCV  
  74  10:55  SCV  
  74  11:02  SCV  
  75  11:04  Missile Turret x2, Viking x2  
  75  11:05  SCV  
  75  11:06  Hellion x2  
  75  11:10  Refinery  
  85  11:11  SCV  
  85  11:14  SCV  
  85  11:15  Terran Vehicle And Ship Armor Level 1  
  85  11:17  Hi-Sec Auto Tracking, SCV  
  87  11:23  SCV  
  88  11:26  SCV  
  88  11:27  Command Center  
  88  11:32  SCV  
  90  11:35  SCV  
  90  11:37  Liberator  
  91  11:45  Siege Tank  
  91  11:46  Hellion x2  
  82  11:50  SCV  
  82  11:52  Siege Tank  
  70  11:55  Liberator  
  70  11:56  SCV  
  69  12:07  Hellion  
  74  12:17  Siege Tank  
  74  12:19  Hellion  
  74  12:21  Liberator  
  79  12:25  Hellion  
  84  12:46  Siege Tank  
  62  13:01  Siege Tank, Hellion x2, Orbital Command  
  69  13:15  Liberator  
  69  13:18  Siege Tank  
  72  13:20  Orbital Command  
  72  13:32  Hellion  
  72  13:33  Siege Tank  
  80  13:44  SCV  
  81  13:50  Siege Tank  
  81  13:51  Hellion  
  81  13:52  Orbital Command  
  81  13:53  Hellion, Liberator  
  79  14:01  Liberator  
  68  14:11  SCV x2  
  73  14:23  SCV  
  77  14:27  SCV x2  
  79  14:35  SCV, Command Center  
  80  14:39  Hellion, Refinery, SCV x2  
  80  14:42  Refinery  
  76  14:58  Siege Tank  
  76  15:01  SCV x2  
  76  15:04  SCV  
  79  15:13  SCV x2  
  84  15:14  Siege Tank, Refinery, Hellion  
  84  15:15  Hellion  
  84  15:30  Missile Turret x2, Siege Tank  
  86  15:36  Hellion, SCV  
  88  15:46  Siege Tank  
  91  15:53  Sensor Tower  
  91  15:59  Terran Vehicle And Ship Armor Level 2  
  91  16:00  Hellion  
  91  16:02  Siege Tank, Refinery  
  91  16:03  Refinery  
  96  16:19  Siege Tank  
  96  16:20  Hellion  
  88  16:26  Viking  
  88  16:28  Hellion  
  92  16:35  Hellion  
  94  16:48  Planetary Fortress  
  94  16:50  SCV  
  94  16:51  SCV x2  
  97  16:57  Missile Turret  
  97  16:59  Siege Tank  
  97  17:00  Hellion x3  
  106  17:02  SCV  
  106  17:03  SCV x2  
  109  17:24  Siege Tank  
  109  17:25  Hellion x2  
  116  17:30  Missile Turret  
  116  17:31  Hellion  
  116  17:32  Missile Turret  
  116  17:34  Missile Turret  
  118  17:38  Viking x2  
  118  17:39  Missile Turret  
  106  18:00  Hellion x2  
  106  18:01  Hellion x2  
  111  18:06  Orbital Command  
  111  18:15  Supply Depot  
  111  18:16  Supply Depot  
  111  18:17  Supply Depot  
  111  18:21  Supply Depot x2  
Show
View Real Time Build Order
Export as new Build Order

llllllllllll Terran - Winner!

Build Orders: 1/1/1, Cyclone Opening, Bio Tank 

Get SALT Encoding   

  12  0:01  SCV  
  13  0:13  SCV  
  14  0:19  Supply Depot  
  14  0:25  SCV  
  15  0:29  Refinery  
  15  0:40  SCV  
  16  0:47  Barracks  
  16  0:52  SCV  
  16  0:56  Refinery  
  17  1:04  SCV  
  18  1:16  SCV  
  19  1:28  SCV  
  20  1:35  Factory  
  20  1:40  Reaper  
  20  1:43  Orbital Command  
  21  1:55  Supply Depot  
  21  2:09  SCV  
  21  2:13  Reaper  
  23  2:18  Cyclone  
  26  2:25  Starport  
  26  2:29  SCV  
  27  2:35  Supply Depot  
  27  2:45  SCV  
  27  2:46  Barracks Tech Lab  
  27  2:50  Cyclone  
  31  2:57  SCV  
  32  3:18  Command Center  
  33  3:20  SCV  
  33  3:29  Widow Mine  
  35  3:35  Raven  
  35  3:38  Supply Depot  
  35  3:39  Barracks Reactor  
  37  3:41  SCV  
  38  3:53  SCV  
  38  4:09  Factory Tech Lab  
  34  4:18  SCV  
  34  4:22  Raven  
  34  4:23  Marine x2  
  36  4:28  Barracks x2  
  36  4:30  Engineering Bay, SCV  
  38  4:42  Siege Tank  
  38  4:43  SCV  
  41  4:54  Marine x2  
  41  4:57  SCV  
  41  4:58  Orbital Command  
  44  5:09  SCV  
  45  5:14  Starport Reactor  
  45  5:18  Marine x2  
  45  5:21  Barracks Reactor, SCV  
  45  5:24  Terran Infantry Weapons Level 1  
  46  5:30  Refinery  
  46  5:33  SCV  
  47  5:36  Marine x2  
  47  5:40  Marine  
  47  5:41  SCV, Stimpack  
  51  5:44  Supply Depot  
  51  5:45  Supply Depot, SCV  
  52  5:53  SCV  
  52  5:54  Marine x2  
  52  5:57  Marine, SCV  
  55  5:59  Marine x2  
  59  6:05  SCV  
  59  6:09  SCV  
  61  6:14  Marine x2  
  61  6:18  SCV  
  62  6:19  Marine x3  
  62  6:21  Medivac  
  62  6:22  Medivac, SCV  
  62  6:24  Siege Tank  
  71  6:30  SCV  
  72  6:33  Command Center  
  72  6:35  SCV  
  72  6:38  Supply Depot  
  73  6:42  Marauder, SCV  
  73  6:46  Marine x2  
  77  6:52  Supply Depot  
  78  7:00  Marine x2, SCV, Siege Tank  
  78  7:01  SCV  
  85  7:02  Supply Depot  
  85  7:04  Marine  
  86  7:09  Refinery  
  86  7:13  Marine  
  86  7:14  Medivac, Marauder, Supply Depot, SCV  
  87  7:38  Marine  
  87  7:39  Marine x2  
  87  7:40  SCV  
  87  7:41  SCV, Combat Shields  
  87  7:43  Marine x2  
  90  7:52  SCV  
  90  7:56  Marine  
  90  7:57  Marine x2  
  86  7:59  SCV  
  78  8:06  Marine, Marauder  
  78  8:08  Siege Tank  
  78  8:09  Medivac x2  
  83  8:14  Marine x2  
  83  8:16  Marine  
  84  8:21  SCV  
  84  8:22  SCV  
  84  8:24  Marine  
  87  8:27  Marine  
  87  8:32  Marine x2  
  90  8:34  Marine, SCV x2  
  90  8:36  Terran Infantry Armor Level 1  
  90  8:40  Siege Tank  
  96  8:41  Medivac  
  96  8:42  Medivac, Engineering Bay, Armory, Barracks x2  
  96  8:45  Marine x2  
  96  8:46  SCV  
  103  8:50  SCV  
  104  8:59  Marine  
  104  9:00  Concussive Shells  
  98  9:03  Marine  
  98  9:04  Marauder  
  98  9:07  Marine x2  
  98  9:09  SCV  
  99  9:13  Siege Tank  
  102  9:17  Marine  
  102  9:19  Medivac  
  102  9:20  Medivac, SCV  
  102  9:21  Marine  
  109  9:25  Marauder  
  109  9:26  Orbital Command  
  109  9:30  Barracks Tech Lab x2  
  111  9:36  Marine  
  102  9:46  Marauder  
  102  9:51  Marine x3  
  102  9:53  Marine x2  
  102  9:54  Marauder, SCV  
  102  9:57  Siege Tank  
  97  10:08  Marine, Marauder  
  97  10:09  Marine x2  
  97  10:11  Marine, Marauder  
  101  10:14  Terran Infantry Weapons Level 2  
  101  10:15  Marauder  
  101  10:16  Terran Vehicle Weapons Level 1  
  101  10:26  Marine x2  
  101  10:27  Marine  
  104  10:29  Marine, Marauder, Siege Tank  
  104  10:33  Marauder  
  112  10:36  Marauder  
  107  10:44  Marine x3  
  107  10:47  Marine  
  105  10:50  Marauder  
  105  10:54  Marine  
  106  10:58  Marauder  
  106  11:02  Marine x3  
  108  11:05  Medivac x2, Marine  
  113  11:11  Siege Tank  
  113  11:12  Marauder x2  
  113  11:16  SCV x3  
  123  11:19  Marine  
  123  11:20  Marine  
  125  11:28  Supply Depot x2  
  125  11:30  Supply Depot  
  125  11:39  Marine  
  125  11:43  Marine  
  125  11:44  Marine  
  125  11:45  Medivac, Marauder x2, Command Center  
  122  11:48  Marine, Marauder  
  113  11:56  Siege Tank  
  113  11:57  Marine  
  113  11:59  Medivac  
  113  12:00  Marine  
  120  12:02  Marine  
  120  12:05  Marine  
  120  12:06  Marauder x2  
  126  12:10  Marauder  
  126  12:15  Marine  
  129  12:17  Terran Infantry Armor Level 2  
  129  12:18  Marine  
  130  12:25  Terran Vehicle Weapons Level 2  
  130  12:28  Marauder  
  132  12:30  Refinery, SCV  
  132  12:31  Refinery, SCV x2  
  132  12:35  Marine x4, Marauder  
  141  12:42  Medivac, SCV  
  141  12:43  SCV  
  124  12:59  SCV x3  
  124  13:01  Marine x5, Marauder  
  124  13:05  Orbital Command  
  132  13:06  Marine  
  132  13:11  SCV x2  
  135  13:15  Terran Infantry Weapons Level 3  
  135  13:19  Marine x2  
  137  13:25  Marine x3  
  140  13:29  Marine x2  
  140  13:30  Medivac  
  144  13:51  Marine, Marauder  
  104  14:03  Marine x2  
  104  14:04  Marauder  
  104  14:05  Marine  
  104  14:06  Marauder  
  104  14:09  Marine  
  109  14:10  Siege Tank  
  109  14:13  Medivac x2, Marauder  
  118  14:21  Marine x2  
  118  14:23  Marine  
  118  14:24  Marine, Factory  
  119  14:26  Marine  
  119  14:27  Barracks, Marauder  
  119  14:28  Barracks  
  119  14:30  Barracks  
  123  14:34  Marauder  
  124  14:39  Marine x2  
  124  14:41  Marine  
  124  14:42  Marine  
  124  14:43  Medivac x2  
  124  14:44  Marine  
  133  14:48  Marine  
  118  14:53  Siege Tank  
  118  14:55  Marine  
  118  14:56  Marine  
  118  14:57  Marine  
  118  14:59  Marine  
  114  15:01  Marauder  
  114  15:02  Marine  
  114  15:06  Marauder  
  118  15:13  Marine, Medivac x2  
  123  15:14  Marine x2  
  123  15:17  Marine  
  123  15:18  Marine x3  
  123  15:20  Marine  
  130  15:22  Marauder  
  130  15:25  Siege Tank  
  130  15:28  Marauder  
  123  15:31  Marine  
  123  15:32  Marine x2  
  123  15:33  Command Center  
  123  15:34  Marine  
  125  15:38  Marine  
  126  15:43  Medivac x2, Marauder  
  126  15:44  Barracks Reactor x2  
  126  15:45  Barracks Tech Lab  
  126  15:46  Factory Tech Lab  
  126  15:48  Marine  
  126  15:49  Marine  
  131  15:50  Marine  
  131  15:52  Refinery  
  131  15:53  Refinery  
  131  15:56  Marine x2  
  134  15:57  Siege Tank  
  134  16:00  Marine  
  138  16:05  Marauder  
  138  16:07  Marauder x2  
  138  16:08  Marine  
  138  16:11  Marine  
  146  16:14  Marine x2  
  146  16:18  Marine  
  139  16:20  Marine  
  139  16:21  Siege Tank  
  123  16:25  Marine  
  123  16:26  Marauder  
  123  16:27  Marine x2  
  123  16:28  Marine x3, Marauder  
  123  16:29  Siege Tank  
  123  16:30  Medivac  
  123  16:31  Marine  
  123  16:32  Marine  
  138  16:35  Marine  
  138  16:37  Marine  
  140  16:43  Marine  
  140  16:46  Marauder, Orbital Command  
  143  16:49  Marine x7  
  150  17:08  Siege Tank x2  
  155  17:19  Marine  
  155  17:20  Marine x5  
  161  17:23  Medivac x2  
  161  17:28  Marine x3, Marauder  
  161  17:29  Marine x2  
  172  17:33  Supply Depot x2  
  172  17:35  Command Center  
  172  17:38  Supply Depot  
  172  17:39  Supply Depot  
  172  17:40  Siege Tank  
  175  17:50  Marine x2, Marauder  
  175  17:56  Marine x2  
  175  17:57  Marauder  
  171  17:59  Marine x2, Marauder  
  171  18:01  Siege Tank, Marine  
  171  18:02  Marine, Marauder  
  182  18:08  Marine x2  
  182  18:11  Marine  
  182  18:12  Siege Tank  
  188  18:14  Marine  
  188  18:17  Marine x3  
  188  18:18  Marauder  
  188  18:19  Marine  
  195  18:20  Medivac x2  
  195  18:26  Marine  
Tags
 
Add a new tag
Caveats
  • Supply blocks, unpowered buildings, or Contaminate may cause inaccurate times.
  • Supply counts are checked every 10 seconds.